 Dungeon Crawl Stone Soup version 0.26-a0-958-gf3041fb45f (webtiles) character file.

Game seed: 4217730368110447249

10343 jiml777 the Thaumaturge (level 11, 0/54 HPs)
             Began as a Deep Elf Air Elementalist on Nov 30, 2020.
             Was a Priest of Sif Muna.
             Slain by a wolf (9 damage)
             ... on level 1 of the Lair of Beasts on Dec 1, 2020.
             The game lasted 01:41:37 (14784 turns).

jiml777 the Thaumaturge (DEAE)                     Turns: 14784, Time: 01:41:39

Health: 0/54       AC:  6    Str:  5    XL:     11   Next: 34%
Magic:  24/30      EV: 15    Int: 28    God:    Sif Muna [***...]
Gold:   423        SH:  0    Dex: 23    Spells: 18/37 levels left

rFire    + . .     SeeInvis .   k - +8 war axe "Weatid" {holy, Int+6}
rCold    . . .     Faith    .   (no shield)
rNeg     . . .     Spirit   .   r - +2 robe {MR+}
rPois    +         Reflect  .   b - +0 helmet (curse)
rElec    .         Harm     .   (no cloak)
rCorr    .         Rampage  .   f - +0 pair of gloves
MR       ++...                  (no boots)
Stlth    ++++......             (no amulet)
HPRegen  0.18/turn              i - ring of poison resistance
MPRegen  0.22/turn              u - ring "Vageire" {rF+ Int-2 Dex+8 Stlth+}

@: no status effects
A: no striking features
a: Channel Magic, Forget Spell, Renounce Religion


You were on level 1 of the Lair of Beasts.
You worshipped Sif Muna.
Sif Muna was most pleased with you.
You visited 3 branches of the dungeon, and saw 12 of its levels.

You collected 686 gold pieces.
You spent 263 gold pieces at shops.

Inventory:

Hand Weapons
 k - the +8 war axe "Weatid" (weapon) {holy, Int+6}
   (You bought it in a shop on level 5 of the Dungeon)

   It has been blessed by the Shining One to cause great damage to the undead
   and demons.
   It affects your intelligence (+6).
 w - a +5 short sword of freezing
Missiles
 a - 32 poisoned darts
 e - 197 arrows
Armour
 b - a cursed +0 helmet (worn)
 f - a +0 pair of gloves (worn)
 l - a scarf of shadows
 r - a +2 robe of magic resistance (worn)
 y - +0 steam dragon scales
Jewellery
 i - a ring of poison resistance (left hand)
 u - the ring "Vageire" (right hand) {rF+ Int-2 Dex+8 Stlth+}
   (You found it on level 5 of the Dungeon)

   [ring of protection from fire]

   It affects your intelligence (-2).
   It affects your dexterity (+8).
   It protects you from fire.
   It makes you more stealthy.
 C - an uncursed ring of fire
Wands
 d - a wand of digging (8)
 B - a wand of flame (7)
Scrolls
 c - 7 scrolls of teleportation
 h - 9 scrolls of remove curse
 s - 2 scrolls of magic mapping
 x - a scroll of blinking
Potions
 g - a potion of brilliance
 j - a potion of lignification
 m - 5 potions of invisibility
 n - a potion of berserk rage {unknown}
 o - a potion of ambrosia {unknown}
 p - 2 potions of curing
 q - 2 potions of heal wounds
 t - a potion of attraction {unknown}
 v - 3 potions of haste {unknown}
 z - 2 potions of flight {unknown}
 D - 2 potions of magic
Miscellaneous
 A - a lightning rod (4/4)


   Skills:
 + Level 0.1 Axes
 + Level 3.7 Dodging
 + Level 3.9 Stealth
 + Level 13.9 Spellcasting
 + Level 3.9 Conjurations
 - Level 3.0 Translocations
 - Level 3.1 Transmutations
 + Level 12.0 Air Magic
 * Level 3.0 Earth Magic
 * Level 2.6 Invocations
 * Level 1.5 Evocations


You had 18 spell levels left.
You knew the following spells:

 Your Spells              Type           Power        Failure   Level
a - Shock                 Conj/Air       ####         1%          1
b - Swiftness             Air            ######..     1%          2
c - Static Discharge      Conj/Air       ######..     1%          3
d - Airstrike             Air            ######....   1%          4
e - Lightning Bolt        Conj/Air       ######....   2%          5
f - Blink                 Tloc           N/A          1%          2
g - Passwall              Tmut/Erth      #####...     1%          2

Your spell library contained the following spells:

 Spells                   Type           Power        Failure   Level
 Magic Dart               Conj           ####         1%          1
 Mephitic Cloud           Conj/Pois/Air  #####...     1%          3
 Summon Small Mammal      Summ           ###.         2%          1
 Summon Lightning Spire   Summ/Air       ######..     2%          4
 Conjure Flame            Conj/Fire      ####....     3%          3
 Call Imp                 Summ           ###.....     4%          2
 Slow                     Hex            ###.....     4%          2
 Call Canine Familiar     Summ           ###.....     9%          3
 Confusing Touch          Hex            ###.....     9%          3
 Summon Guardian Golem    Hex/Summ       ###.....     9%          3
 Summon Ice Beast         Ice/Summ       ###.....     26%         4
 Yara's Violent Unravell  Hex/Tmut       ####......   36%         5
 Metabolic Englaciation   Hex/Ice        ###.......   58%         5


Dungeon Overview and Level Annotations

Branches:
Dungeon (10/15)            Temple (1/1) D:6            Lair (1/6) D:9
    Orc (0/2) D:10

Altars:
Ashenzari
Cheibriados
Dithmenos
Elyvilon
Fedhas
Gozag
Hepliaklqana
Kikubaaqudgha
Makhleb
Nemelex Xobeh
Okawaru
Qazlal
Ru
Sif Muna
Trog
Uskayaw
Vehumet
Wu Jian
Xom
Yredelemnul
Zin
The Shining One

Shops:
D:5 ((


Message History

Casting: Airstrike (safe; 1% risk of failure)
Confirm with . or Enter, or press ? or * to list all spells.
Aiming: Lightning Bolt (dangerous; 2% risk of failure)
Press: ? - help, Shift-Dir - straight line, f - basilisk
Aim: a basilisk (45% to evade)
You hear a mighty clap of thunder!
The bolt of lightning hits the basilisk!!
The basilisk is almost dead.
You hear a loud, deep croak!
You hear an angry growl.
The wolf closely misses you. x2; The wolf bites you.
The wolf bites you but does no damage. The basilisk completely misses you.
Casting: Lightning Bolt (dangerous; 2% risk of failure)
Confirm with . or Enter, or press ? or * to list all spells.
Aiming: Shock (safe; 1% risk of failure)
Press: ? - help, Shift-Dir - straight line, f/p - basilisk
Aim: a basilisk (almost dead, 33% to evade)
The zap misses the basilisk.
The wolf bites you!
* * * LOW HITPOINT WARNING * * *
The wolf bites you!
You die...

............ ..
........... ...
......... ...##...P...
#...#...#..####...#
#..#.....#...#....###.#
.......h...............
......l@...............
.......h..........>...
.P##.#.#..####....... #
##...####P...####
####....#........##
.........†.........#
....................h
......................
#####.....#..^........


You could see a basilisk and 2 wolves.

Vanquished Creatures
  3 two-headed ogres
  An unseen horror (D:10)
  Psyche (D:9)
  Maggie (D:9)
  2 komodo dragons (D:9)
  Sigmund (D:3)
  A vampire (D:9)
  A wraith (D:10)
  2 wyverns
  2 basilisks (D:9)
  3 wargs (D:10)
  2 water moccasins
  An acid dragon (D:9)
  6 orc warriors
  4 sky beasts
  5 ogres
  A necrophage (D:10)
  3 phantoms
  4 wolves
  2 centaurs
  5 bullfrogs
  A big kobold (D:9)
  2 wyvern skeletons
  5 scorpions
  10 killer bees
  8 wights (D:10)
  2 howler monkeys
  A bullfrog zombie (D:10)
  A quasit (D:7)
  7 orc priests
  7 hounds
  A centaur skeleton (D:8)
  Jessica (D:2)
  2 iguanas
  10 orc wizards
  5 worker ants
  2 hound zombies
  2 worker ant zombies
  14 gnolls
  A howler monkey skeleton (D:5)
  9 adders
  2 shadow imps
  4 white imps
  An ufetubus (D:5)
  An adder skeleton (D:7)
  2 adder zombies
  3 worms
  6 leopard geckos
  43 orcs
  3 ball pythons
  12 bats
  2 bat zombies (D:2)
  A giant cockroach (D:2)
  9 goblins
  6 hobgoblins
  8 jackals
  14 kobolds
  5 quokkas
  8 frilled lizards
  2 rats (D:3)
  3 rat zombies (D:2)
277 creatures vanquished.

Vanquished Creatures (others)
  A hound skeleton (D:4)
1 creature vanquished.

Grand Total: 278 creatures vanquished

Notes
Turn   | Place    | Note
-------+----------+-------------------------------------------
     0 | D:1      | jiml777 the Deep Elf Air Elementalist began the quest for
                  | the Orb.
     0 | D:1      | Reached XP level 1. HP: 10/10 MP: 6/6
   367 | D:1      | Reached XP level 2. HP: 13/15 MP: 5/8
  1070 | D:2      | Reached XP level 3. HP: 19/19 MP: 7/9
  1339 | D:2      | Reached skill level 4 in Spellcasting
  1339 | D:2      | Reached XP level 4. HP: 23/24 MP: 6/12
  1483 | D:2      | Noticed Jessica
  1492 | D:2      | Killed Jessica
  1646 | D:2      | Found an ancient bone altar of Kikubaaqudgha.
  2271 | D:3      | Reached XP level 5. HP: 28/28 MP: 8/13
  2274 | D:3      | Learned a level 2 spell: Swiftness
  2278 | D:3      | Learned a level 3 spell: Static Discharge
  2283 | D:3      | Learned a level 4 spell: Airstrike
  2557 | D:3      | Reached skill level 5 in Spellcasting
  2659 | D:3      | Reached XP level 6. HP: 32/32 MP: 1/16
  2932 | D:3      | Noticed Sigmund
  3034 | D:3      | Killed Sigmund
  3035 | D:3      | Reached skill level 6 in Spellcasting
  3035 | D:3      | Reached skill level 5 in Air Magic
  3615 | D:4      | Reached XP level 7. HP: 36/36 MP: 10/19
  4054 | D:4      | Found a white marble altar of Elyvilon.
  4279 | D:4      | Reached skill level 7 in Spellcasting
  4350 | D:4      | Found a hide-covered altar of Uskayaw.
  4878 | D:5      | Entered Level 5 of the Dungeon
  5037 | D:5      | Found Woethrir's Antique Weapon Emporium.
  5324 | D:5      | Got a warped iron ring
  5325 | D:5      | Identified the ring "Vageire" {rF+ Int-2 Dex+8 Stlth+} (You
                  | found it on level 5 of the Dungeon)
  5381 | D:5      | Reached skill level 8 in Spellcasting
  5484 | D:5      | Reached XP level 8. HP: 41/41 MP: 8/22
  6135 | D:5      | Found Koelah's Weapon Boutique.
  6203 | D:5      | Bought an encrusted war axe for 263 gold pieces
  6203 | D:5      | Identified the +8 war axe "Weatid" {holy, Int+6} (You
                  | bought it in a shop on level 5 of the Dungeon)
  6211 | D:5      | Learned a level 5 spell: Lightning Bolt
  6679 | D:6      | Reached skill level 9 in Spellcasting
  6762 | D:6      | Found a staircase to the Ecumenical Temple.
  6774 | Temple   | Entered the Ecumenical Temple
  6781 | Temple   | Became a worshipper of Sif Muna the Loreminder
  8266 | D:7      | Reached XP level 9. HP: 45/45 MP: 14/24
  8372 | D:7      | Reached skill level 10 in Spellcasting
  8435 | D:7      | Reached * piety under Sif Muna
  8583 | D:7      | Noticed a two-headed ogre
  8591 | D:7      | Killed a two-headed ogre
  8592 | D:7      | Reached skill level 11 in Spellcasting
  8726 | D:7      | You fall into a shaft and drop 2 floors!
  8727 | D:9      | Noticed Maggie
  8730 | D:9      | Killed Maggie
  8731 | D:9      | Reached skill level 10 in Air Magic
  8989 | D:9      | Noticed a komodo dragon
  8992 | D:9      | Noticed a komodo dragon
  9004 | D:9      | Killed a komodo dragon
  9005 | D:9      | Reached skill level 12 in Spellcasting
  9005 | D:9      | Reached XP level 10. HP: 50/50 MP: 3/28
  9285 | D:9      | Learned a level 2 spell: Blink
  9365 | D:9      | Found a staircase to the Lair.
  9652 | D:8      | Reached skill level 1 in Translocations
  9688 | D:8      | Identified Sif Muna's Incunabulum of the Entrancing Rocks
  9693 | D:8      | Learned a level 2 spell: Passwall
 10011 | D:8      | Noticed a two-headed ogre
 10015 | D:8      | Killed a two-headed ogre
 10016 | D:8      | Reached skill level 13 in Spellcasting
 10226 | D:8      | Noticed a two-headed ogre
 10230 | D:8      | Killed a two-headed ogre
 10644 | D:8      | Found a glowing silver altar of Zin.
 12133 | D:7      | Reached ** piety under Sif Muna
 12135 | D:7      | Reached skill level 1 in Transmutations
 12337 | D:9      | Reached skill level 1 in Earth Magic
 12552 | D:9      | Noticed Psyche
 12557 | D:9      | Killed Psyche
 12904 | D:10     | Entered Level 10 of the Dungeon
 12907 | D:10     | Reached skill level 1 in Invocations
 12909 | D:10     | Reached XP level 11. HP: 54/54 MP: 14/30
 13354 | D:10     | Reached *** piety under Sif Muna
 13577 | D:10     | Reached skill level 1 in Evocations
 13966 | D:10     | Killed an unseen horror
 14392 | D:10     | Found a staircase to the Orcish Mines.
 14590 | Lair:1   | Entered Level 1 of the Lair of Beasts
 14784 | Lair:1   | Slain by a wolf

Illustrated notes

Levels and vault maps discovered:
D:1:      tarquinn_simple_flora_water_a, layout_basic
D:2:      layout_loops_ring, lemuel_zombie_altar_kikubaaqudgha,
          kennysheep_jessica_study
D:3:      layout_loops_ring, minmay_misc_feat_five, uniq_sigmund, uniq_jessica
D:4:      layout_basic, elyvilon_altar_4, lemuel_round_altar
D:5:      layout_loops_ring, serial_shops, kennysheep_little_box, shop,
          hangedman_decor_push
D:6:      layout_basic, minmay_temple_entry_ruins
D:7:      layout_rooms, serial_co_window_serial, co_window_paths_a,
          co_window_paths_a, co_window_of_opportunity_a,
          co_window_of_opportunity_a, co_window_of_opportunity_a,
          co_window_unsneaky_path_b, co_window_broadway_b,
          co_window_unsneaky_path_d, co_window_unsneaky_path_a,
          co_window_4corner_b, glass_columns_b, glass_columns_b,
          glass_columns_c, glass_columns_b, grunt_ministairs_8,
          lightli_corner_chamber
D:8:      layout_loops_corners, zin_statuary
D:9:      layout_rooms, erik_lair_dragon, uniq_maggie, uniq_psyche
D:10:     layout_rooms, minmay_orc_entry_guard_dogs
Temple:   nicolae_temple_no_exploring_needed
Lair:1:   dragon1_lemuel, layout_gridlike

Skill      XL: |  1  2  3  4  5  6  7  8  9 10 11 |
---------------+----------------------------------+-----
Conjurations   | 2 3 |  3.9
Spellcasting   | 4 5 6 8 9 12 13 | 13.9
Air Magic      | 4 5 6 8 10 11 12 | 12.0
Stealth        | 3 |  3.9
Dodging        | 3 |  3.7
Translocations | 3 |  3.0
Transmutations | 1 3 |  3.1
Earth Magic    | 1 3 |  3.0
Invocations    | 1 2 |  2.6
Evocations     | 1 |  1.5
Axes           | |  0.1

Action                   |  1- 3 |  4- 6 |  7- 9 | 10-12 || total
-------------------------+-------+-------+-------+-------++-------
Melee: Dagger            |       |     1 |       |       ||     1
       War axe           |       |       |    12 |    12 ||    24
 Cast: Shock             |    60 |    80 |    22 |    18 ||   180
       Airstrike         |       |    16 |   112 |   141 ||   269
       Lightning Bolt    |       |       |     3 |    21 ||    24
       Passwall          |       |       |       |     3 ||     3
       Swiftness         |       |       |       |     1 ||     1
Invok: Channel Magic     |       |       |       |     1 ||     1
  Use: Scroll            |       |     1 |    11 |     9 ||    21
       Potion            |       |       |       |     2 ||     2
Armor: Robe              |     9 |     3 |     9 |     7 ||    28
Dodge: Dodged            |    17 |    11 |    16 |    64 ||   108

Table legend: (Time is in decaauts)
 A = Elapsed time spent in this place.
 B = Non-inter-level travel time spent in this place.
 C = Inter-level travel time spent in this place.
 D = Time resting spent in this place.
 E = Time spent auto-exploring this place.
 F = Levels seen in this place.
 G = Mean time per level.
                   A        B        C        D        E       F      G
               +--------+--------+--------+--------+--------+-----+--------+
         Total |  14796 |  14295 |    501 |   6377 |   5804 |  12 | 1233.0 |
       Dungeon |  14715 |  14214 |    501 |   6342 |   5795 |  10 | 1471.5 |
        Temple |     14 |     14 |      0 |      0 |      0 |   1 |   14.0 |
          Lair |     66 |     66 |      0 |     35 |      9 |   1 |   66.0 |
               +--------+--------+--------+--------+--------+-----+--------+

Top non-repeatable levels by time:
     D:9: 2242 daAuts
     D:8: 1783 daAuts
     D:6: 1726 daAuts
     D:7: 1603 daAuts
     D:3: 1423 daAuts
     D:5: 1359 daAuts
     D:4: 1265 daAuts
     D:2: 1161 daAuts
    D:10: 1122 daAuts
     D:1: 1027 daAuts
  Lair:1: 66 daAuts
  Temple: 14 daAuts
